 Dungeon Crawl Stone Soup version 0.17.2-1-ge4368a0 (webtiles) character file.

130 Goblin1989 the Vandal (level 5, 0/36 HPs)
             Began as a Halfling Hunter on Nov 12, 2016.
             Was an Initiate of Okawaru.
             Slain by Terence
             ... wielding a +0 flail
              (2 damage)
             ... on level 3 of the Dungeon.
             The game lasted 00:07:51 (2805 turns).

Goblin1989 the Vandal (Halfling Hunter)             Turns: 2805, Time: 00:07:51

Health: 0/36       AC: 14    Str: 13    XL:     5   Next: 36%
Magic:  5/5        EV:  6    Int: 14    God:    Okawaru [......]
Gold:   162        SH:  0    Dex: 15    Spells: 0 memorised, 4 levels left

rFire  + . .     SeeInvis .     b - +0 short sword
rCold  . . .     Clarity  .     t - +1 plate armour {rF+}
rNeg   . . .     SustAt   .     (shield restricted)
rPois  .         Gourm    .     (no helmet)
rElec  .         Spirit   .     (no cloak)
rCorr  .         Warding  .     n - +1 pair of gloves
rMut   .         Stasis   .     i - +0 pair of boots
MR     .....                    (no amulet)
Stlth  ..........               (no ring)
                                k - +4 ring of intelligence

@: not resistant to hostile enchantments, extremely unstealthy
A: mutation resistance 1
a: Renounce Religion


You were on level 3 of the Dungeon.
You worshipped Okawaru.
Okawaru was noncommittal.
You were hungry.

You visited 1 branch of the dungeon, and saw 3 of its levels.

You collected 162 gold pieces.

Inventory:

Hand Weapons
 a - a +1 hunting sling of flaming
 b - a +0 short sword (weapon)
Missiles
 d - 17 sling bullets
 h - 97 stones (quivered)
Armour
 i - a +0 pair of boots (worn)
 n - a +1 pair of gloves (worn)
 t - a +1 plate armour of fire resistance (worn)
Jewellery
 k - a +4 ring of intelligence (left hand)
Scrolls
 c - 2 scrolls of enchant armour {unknown}
 g - a scroll of amnesia {unknown}
 j - a scroll of fear {unknown}
 m - 9 scrolls of identify {unknown}
 p - a scroll of magic mapping {unknown}
 q - a scroll of fog {unknown}
Potions
 f - a potion of curing {unknown}
 l - a potion of might {unknown}
 r - a potion of poison {unknown}
 s - a potion of brilliance {unknown}
 v - a potion of lignification {unknown}
Comestibles
 e - 4 bread rations {@e1}
 o - 2 beef jerkies
 w - a slice of pizza


   Skills:
 + Level 3.3 Fighting
 - Level 6.4 Slings
 + Level 1.8 Armour
 - Level 2.8 Dodging
 - Level 2.0 Stealth


You had 4 spell levels left.
You didn't know any spells.

Dungeon Overview and Level Annotations

Branches:
Dungeon (3/15)

Altars:
Dithmenos
Okawaru
Trog
Xom
The Shining One

Annotations:
D:3 Terence


Innate Abilities, Weirdness & Mutations

You are small and have problems with some larger weapons.
You are somewhat resistant to further mutation.


Message History

The orc wizard blinks!
The orc wizard hits you but does no damage.
You hit the orc wizard.
The orc wizard is moderately wounded.
An orc appears from thin air!
Reactivating autopickup.
The orc wizard hits you but does no damage.
The orc wizard hits you with a dagger.
* * * LOW HITPOINT WARNING * * *
You take 3 damage, and have 1/36 hp.
You barely miss the orc wizard.
The orc wizard is moderately wounded.
The orc wizard hits you but does no damage.
Terence barely misses you.
The orc wizard hits you but does no damage.
You closely miss the orc wizard.
The orc wizard is moderately wounded.
The orc wizard hits you but does no damage.
Terence hits you with a flail.
You die... ███ ..█ █.█ █.█ █o█ ██████████████ █@█ █............. █@█ █............. █.█ █..........[.. █o█

█..<.......... █.█
█............. █.█
█............. █.█
█.............
█.███.............
█.................


You could see Terence, an orc wizard and an orc.

Vanquished Creatures
  An orc priest (D:3)
  2 adders
  2 worms (D:2)
  12 orcs (D:3)
  3 giant cockroaches
  A hobgoblin (D:1)
  2 quokkas (D:3)
  10 bats
  A giant newt (D:1)
  4 goblins
  8 jackals
  8 kobolds
  10 rats
64 creatures vanquished.

Notes
Turn   | Place    | Note
--------------------------------------------------------------
     0 | D:1      | Goblin1989 the Halfling Hunter began the quest for the Orb.
     0 | D:1      | Reached XP level 1. HP: 14/14 MP: 1/1
    89 | D:1      | Reached skill level 6 in Slings
   240 | D:1      | Reached XP level 2. HP: 17/19 MP: 2/2
   700 | D:1      | Reached XP level 3. HP: 21/24 MP: 3/3
  1305 | D:2      | Found a shadowy altar of Dithmenos.
  1395 | D:2      | Found an iron altar of Okawaru.
  1402 | D:2      | Found a bloodstained altar of Trog.
  1424 | D:2      | Became a worshipper of Warmaster Okawaru
  1525 | D:2      | Reached XP level 4. HP: 26/30 MP: 4/4
  1965 | D:3      | Found a shimmering altar of Xom.
  1967 | D:3      | Found a shimmering altar of Xom.
  1968 | D:3      | Found a shimmering altar of Xom.
  1968 | D:3      | Found a shimmering altar of Xom.
  2079 | D:3      | Reached skill level 1 in Armour
  2079 | D:3      | Reached XP level 5. HP: 18/36 MP: 5/5
  2527 | D:3      | Found a glowing golden altar of the Shining One.
  2565 | D:3      | Noticed Terence
  2803 | D:3      | HP: 1/36 [orc wizard/dagger (3)]
  2805 | D:3      | Slain by Terence

Action                   |  1- 3 |  4- 6 || total
-------------------------+-------+-------++-------
Melee: Short sword       |   168 |   178 ||   346
 Fire: Hunting sling     |     5 |    23 ||    28
 Stab: Sleeping          |     2 |     2 ||     4
       Distracted        |     1 |       ||     1
  Eat: Chunk             |     1 |     5 ||     6

Vault maps used:
D:1:      dpeg_arrival_leaves_temple_mockup
D:2:      minitemple, nicolae_dithmenos_through_a_glass_darkly
D:3:      tso_metal_star, xom_redecorated, uniq_terence
